 Dungeon Crawl Stone Soup version 0.26-a0-244-g083ca260ac (webtiles) character file.

Game seed: 15601960245959401683

163 BritishOli the Ducker (level 5, 0/41 HPs)
             Began as a Demonspawn Gladiator on July 8, 2020.
             Slain by an orc
             ... wielding a +0 trident of venom
              (3 damage)
             ... on level 3 of the Dungeon.
             The game lasted 00:02:33 (2222 turns).

BritishOli the Ducker (Demonspawn Gladiator)        Turns: 2222, Time: 00:02:34

Health: 0/41       AC:  9    Str: 13 (15) XL:     5   Next: 20%
Magic:  5/5        EV: 10    Int:  7 (10) God:
Gold:   91         SH:  5    Dex: 12 (14) Spells: 4/4 levels left

rFire    . . .     SeeInvis .   a - +0 long sword
rCold    . . .     Faith    .   (no shield)
rNeg     . . .     Spirit   .   m - +0 scale mail
rPois    .         Reflect  +   c - +0 helmet
rElec    .         Harm     .   (no cloak)
rCorr    .                      (no gloves)
MR       .....                  (no boots)
Stlth    ..........             h - amulet of reflection
HPRegen  0.13/turn              (no ring)
MPRegen  0.09/turn              (no ring)

@: brilliant, lethally poisoned (0 -> -13)
A: slimy green scales 1, rot immunity
a: no special abilities


You were on level 3 of the Dungeon.
You were hungry.

You visited 1 branch of the dungeon, and saw 3 of its levels.

You collected 91 gold pieces.

Inventory:

Hand Weapons
 a - a +0 long sword (weapon)
Missiles
 d - 3 throwing nets (quivered)
Armour
 c - a +0 helmet (worn)
 m - a +0 scale mail (worn)
Jewellery
 h - an amulet of reflection (around neck)
Scrolls
 b - a scroll of enchant armour {unknown}
 g - 2 scrolls of magic mapping {unknown}
 j - 2 scrolls of teleportation {unknown}
 k - 2 scrolls of fear {unknown}
 l - a scroll of identify {unknown}
Comestibles
 f - 4 rations


   Skills:
 + Level 3.0 Fighting
 + Level 3.3 Long Blades
 + Level 2.6 Throwing
 + Level 1.7 Armour
 + Level 3.4 Dodging


You had 4 spell levels left.
You didn't know any spells.
Your spell library was empty.

Dungeon Overview and Level Annotations

Branches:
Dungeon (3/15)

Altars:
Zin


Innate Abilities, Weirdness & Mutations

You are partially covered in slimy green scales. (AC +2)
You are immune to rotting.


Message History

The orc wizard is severely wounded.
It was a potion of degeneration.
There was something very wrong with that liquid.
You feel weakened.
You feel dopey.
You feel clumsy.
* * * LOW HITPOINT WARNING * * *
You feel sick.
The orc wizard gestures at you while chanting.
The puff of frost hits you but does no damage.
You block the orc's attack. You block the orc wizard's attack.
It was a potion of brilliance.
You feel clever all of a sudden.
You are feeling hungry.
* * * LOW HITPOINT WARNING * * *
You feel sick. The orc barely misses you. You block the orc wizard's attack.
It was a potion of magic.
Magic courses through your body.
* * * LOW HITPOINT WARNING * * *
You feel sick.
The orc wizard hits you but does no damage.
The orc hits you from afar with a +0 trident of venom.
You die...

.##. ## ##.=. ...
(##.#...#. #...# ....
.##.#.#.... ... #.(..
.##.#...#># ... .....
........#.# #.# ......
.#...##.#.# #.# #o.....
......#.#.#####.##oo.#
........#.......@oo#
......#.#..####)##oo.....
)../.##.#..# #.# #.#....
...........# ... ......
.######.#.## .#... ..# #
.# #...........# )## .#
#.##### .##.# # .# #.# .
># .# ...


You could see an orc wizard (fast) and 6 orcs.

Vanquished Creatures
  An orc wizard (D:3)
  Robin (D:3)
  6 adders (D:2)
  A worm (D:3)
  A dart slug (D:2)
  3 leopard geckos
  2 orcs (D:3)
  4 bats
  A giant cockroach (D:1)
  14 goblins
  6 hobgoblins
  6 jackals
  3 ball pythons
  4 frilled lizards (D:1)
  3 kobolds
  5 rats
61 creatures vanquished.

Notes
Turn   | Place    | Note
-------+----------+-------------------------------------------
     0 | D:1      | BritishOli the Demonspawn Gladiator began the quest for the
                  | Orb.
     0 | D:1      | Reached XP level 1. HP: 16/16 MP: 1/1
   234 | D:1      | Gained mutation: You are partially covered in slimy green
                  | scales. (AC +2) [demonic ancestry]
   234 | D:1      | Reached XP level 2. HP: 22/22 MP: 2/2
   395 | D:1      | Found a glowing silver altar of Zin.
   880 | D:2      | Reached XP level 3. HP: 27/28 MP: 3/3
   915 | D:2      | Reached skill level 1 in Armour
  1257 | D:2      | Reached XP level 4. HP: 33/34 MP: 4/4
  1886 | D:3      | Noticed Robin
  2067 | D:3      | Killed Robin
  2212 | D:3      | Gained mutation: You are immune to rotting. [demonic
                  | ancestry]
  2212 | D:3      | Reached XP level 5. HP: 30/41 MP: 5/5
  2222 | D:3      | Slain by an orc

Illustrated notes

Levels and vault maps discovered:
D:1:      lemuel_arrival_lava_pool, layout_basic, palyth_stone_intersect,
          minmay_hexomino_r4
D:2:      layout_basic, kennysheep_generic_room_5
D:3:      layout_loops_ring, minmay_overflow_temple_hex, uniq_robin, uniq_ijyb

Skill      XL: |  1  2  3  4 |
---------------+-------------+-----
Throwing       | 2 |  2.6
Long Blades    | 3 |  3.3
Armour         | 1 |  1.7
Dodging        | 3 |  3.4
Fighting       | 3 |  3.0

Action                   |  1- 3 |  4- 6 || total
-------------------------+-------+-------++-------
Melee: Long sword        |    92 |    88 ||   180
  Use: Potion            |       |     3 ||     3
 Stab: Sleeping          |     1 |       ||     1
  Eat: Ration            |     1 |       ||     1
Armor: Leather armour    |    39 |     5 ||    44
       Scale mail        |       |    55 ||    55
Dodge: Dodged            |    99 |    71 ||   170
Block: Other             |       |    28 ||    28
       Rpst.: Long sword |    33 |    22 ||    55

Table legend:
 A = Non-vault XP
 B = Vault XP
 C = Vault XP percentage of total XP
 D = Non-vault monster count
 E = Vault monster count
 F = Vault count percentage of total count
                 A         B        C        D         E       F
            +---------+---------+-------+---------+---------+-------
      Total |     192 |      41 |  17.6 |      45 |      16 |  26.2
            +---------+---------+-------+---------+---------+-------
        D:1 |      33 |       2 |   5.7 |      20 |       2 |   9.1
        D:2 |     108 |      18 |  14.3 |      21 |      10 |  32.3
        D:3 |      51 |      21 |  29.2 |       4 |       4 |  50.0
            +---------+---------+-------+---------+---------+-------
